 Dungeon Crawl Stone Soup version 0.30.1-11-g7821555f0a (webtiles) character file.

Game seed: 6043408628144444760

2487 Groucho the Destroyer (level 9, -2/45 HPs)
             Began as a Deep Elf Air Elementalist on Oct 30, 2023.
             Was an Initiate of Vehumet.
             Slain by a black bear (6 damage)
             ... on level 7 of the Dungeon.
             The game lasted 00:25:07 (13984 turns).

Groucho the Destroyer (Deep Elf Air Elementalist)  Turns: 13984, Time: 00:25:08

Health: -2/45      AC:  2    Str:  5    XL:     9   Next: 27%
Magic:  30/31      EV: 12    Int: 25    God:    Vehumet [......]
Gold:   26         SH:  0    Dex: 15    Spells: 7/23 levels left

rFire   + . .        r - staff of earth
rCold   . . .        (no shield)
rNeg    . . .        C - +0 robe {rF+}
rPois   .            (no helmet)
rElec   .            (no cloak)
rCorr   .            (no gloves)
SInv    .            (no boots)
Will    .....        (no amulet)
Stlth   ++           G - ring of magical power
HPRegen 0.27/turn    (no ring)
MPRegen 0.22/turn

%: no passive effects
@: about to teleport
A: no striking features
a: Renounce Religion


You were on level 7 of the Dungeon.
You worshipped Vehumet.
Vehumet was noncommittal.
You visited 2 branches of the dungeon, and saw 8 of its levels.

You collected 306 gold pieces.
You spent 280 gold pieces at shops.

Inventory:

Hand Weapons
 b - a +0 short sword
 x - the +10 sling of Hell's Wrath {elec, Stlth+}
   (You found it on level 4 of the Dungeon)

   Stlth:     It makes you more stealthy.
Armour
 f - a scarf of harm
 C - a +0 robe of fire resistance (worn)
Magical Staves
 r - a staff of earth (weapon)
Jewellery
 E - an amulet of reflection
 G - a ring of magical power (left hand)
Wands
 h - a wand of acid (7)
 q - a wand of paralysis (12)
Scrolls
 c - a scroll of magic mapping {unknown}
 d - 5 scrolls of identify
 e - 2 scrolls of teleportation
 g - 2 scrolls of vulnerability
 i - a scroll of fear
 n - 2 scrolls of enchant weapon {unknown}
 o - a scroll of fog {unknown}
 p - 2 scrolls of amnesia {unknown}
 t - a scroll of silence {unknown}
 v - a scroll of noise {unknown}
 y - a scroll of immolation {unknown}
 D - 3 scrolls of torment {unknown}
 F - a scroll of enchant armour {unknown}
Potions
 a - a potion of attraction {unknown}
 j - 2 potions of might
 l - a potion of resistance {unknown}
 m - 5 potions of mutation {unknown}
 s - 2 potions of heal wounds {unknown}
 u - a potion of haste {unknown}
 w - a potion of cancellation {unknown}
 z - a potion of brilliance {unknown}
 A - a potion of berserk rage {unknown}
 B - a potion of degeneration {unknown}


   Skills:
 + Level 2.4 Dodging
 - Level 2.4 Stealth
 + Level 7.8 Spellcasting
 * Level 8.7 Conjurations
 * Level 0.0 Ice Magic
 * Level 8.6 Air Magic
 * Level 0.0 Earth Magic


You had 7 spell levels left.
You knew the following spells:

 Your Spells              Type           Power      Damage    Failure   Level
a - Shock                 Conj/Air       100%       1d9       1%          1
b - Static Discharge      Conj/Air       100%       2-7/arc   1%          2
c - Swiftness             Air            52%        N/A       1%          3
d - Airstrike             Air            26%        2d(4-20)  1%          4
e - Hailstorm             Conj/Ice       31%        3d8       3%          3
f - Stone Arrow           Conj/Erth      94%        3d12      3%          3

Your spell library contained the following spells:

 Spells                   Type           Power      Damage    Failure   Level
 Beastly Appendage        Tmut           18%        N/A       6%          1
 Summon Small Mammal      Summ           36%        N/A       6%          1
 Blink                    Tloc           18%        N/A       10%         2
 Wereblood                Tmut           9%         N/A       10%         2
 Call Canine Familiar     Summ           9%         N/A       19%         3
 Spider Form              Tmut/Pois      9%         N/A       19%         3
 Summon Guardian Golem    Hex/Summ       9%         N/A       19%         3
 Animate Armour           Summ/Erth      28%        N/A       52%         4
 Ice Form                 Ice/Tmut       9%         N/A       52%         4
 Leda's Liquefaction      Hex/Erth       7%         N/A       52%         4
 Manifold Assault         Tloc           9%         N/A       52%         4
 Simulacrum               Ice/Necr       4%         N/A       100%        6
 Storm Form               Tmut/Air       15%        N/A       100%        7


Dungeon Overview and Level Annotations

Branches:
Dungeon (7/15)             Temple (1/1) D:4

Altars:
Ashenzari
Cheibriados
Dithmenos
Elyvilon
Fedhas
Gozag
Hepliaklqana
Kikubaaqudgha
Makhleb
Nemelex Xobeh
Okawaru
Qazlal
Ru
Sif Muna
Trog
Uskayaw
Vehumet
Wu Jian
Xom
Yredelemnul
Zin
The Shining One

Shops:
D:2 !   D:7 *


Message History

The orc is heavily wounded.
The orc closely misses you.
You closely miss the orc.
The orc is heavily wounded.
The black bear bites you. The black bear closely misses you.
The black bear claws you. The orc hits you with a +0 club.
The black bear attacks as you move away!
The black bear bites you. The black bear claws you. x2
The black bear attacks as you move away!
The black bear bites you. The black bear claws you. x2
Casting: Airstrike (dangerous; 1% risk of failure)
Confirm with . or Enter, or press ? or * to list all spells.
The black bear is struck by an arc of lightning.
The black bear is lightly wounded.
You are struck by an arc of lightning.
* * * LOW HITPOINT WARNING * * *
The black bear is struck by an arc of lightning.
The black bear is moderately wounded.
The lightning grounds out.
The black bear bites you.
* * * LOW HITPOINT WARNING * * *
The black bear misses you. The black bear claws you.
* * * LOW HITPOINT WARNING * * *
Unknown command.
Unknown command.
You feel better. The black bear bites you.
* * * LOW HITPOINT WARNING * * *
The black bear closely misses you.
The black bear claws you but does no damage.
You feel better. The orc closely misses you. The black bear bites you!
* * * LOW HITPOINT WARNING * * *
The black bear claws you.
* * * LOW HITPOINT WARNING * * *
The black bear closely misses you.
Unknown command.
Unknown command.
Unknown command.
As you read the scroll labelled PEXUBU ZEOTIOWOGI, it crumbles to dust.
You feel strangely unstable.
It was a scroll of teleportation.
The black bear bites you.
You die...

##.### ###....... #..
#...#..... #.# ##.###.#...
#.# #..# #.#... #.# ####.##
#.#... #.## #.# #....#
#.#...
..<..####.####.#######.....
#.....o..........##..#..
####..h@....####........
#....######## ###..##.. .
#.##.# #.....###. ..# #
#.o# #.###.# #. ..>. #.##
#. #.# ## #...!###.# # #.#
#...#.### #.# #...!$.# #..
#....<........ #..


You could see a black bear and an orc.

Vanquished Creatures
  Pikel (D:6)
  Maggie (D:6)
  Sigmund (D:5)
  A steam dragon (D:7)
  A water moccasin (D:6)
  A sky beast (D:7)
  3 black bears
  A centaur (D:5)
  A phantom (D:5)
  Blork the orc (D:5)
  A bullfrog (D:6)
  2 scorpions
  A hound (D:7)
  5 orc priests
  5 iguanas
  A sleepcap (D:6)
  3 orc wizards
  2 gnolls (D:2)
  6 adders
  2 white imps
  An ufetubus (D:6)
  2 worms
  2 dart slugs
  13 orcs
  11 ball pythons
  4 endoplasms
  4 giant cockroaches
  4 goblins
  4 hobgoblins
  6 jackals (D:1)
  11 quokkas
  7 bats
  7 frilled lizards
  5 kobolds
  4 rats (D:1)
125 creatures vanquished.

Notes
Turn   | Place    | Note
-------+----------+-------------------------------------------
     0 | D:1      | Groucho the Deep Elf Air Elementalist began the quest for
                  | the Orb.
     0 | D:1      | Reached XP level 1. HP: 10/10 MP: 6/6
   447 | D:1      | Reached XP level 2. HP: 15/15 MP: 2/8
   740 | D:1      | Found a faded altar of an unknown god.
  1157 | D:1      | Reached XP level 3. HP: 19/19 MP: 2/9
  1160 | D:1      | Learned a level 2 spell: Static Discharge
  1164 | D:1      | Learned a level 3 spell: Swiftness
  2593 | D:2      | Reached XP level 4. HP: 24/24 MP: 0/11
  2872 | D:2      | Learned a level 4 spell: Airstrike
  3100 | D:2      | Reached XP level 5. HP: 23/28 MP: 7/13
  4249 | D:2      | Found Sinophof's Distillery.
  5672 | D:4      | Reached XP level 6. HP: 32/32 MP: 6/14
  5849 | D:4      | Reached skill level 5 in Air Magic
  6114 | D:4      | Identified the +10 sling of Hell's Wrath {elec, Stlth+}
  6241 | D:4      | Found a staircase to the Ecumenical Temple.
  6377 | Temple   | Entered the Ecumenical Temple
  6514 | Temple   | Became a worshipper of Vehumet
  7061 | D:5      | Entered Level 5 of the Dungeon
  7061 | D:5      | Noticed Sigmund
  7066 | D:5      | Killed Sigmund
  7067 | D:5      | Reached skill level 5 in Spellcasting
  7067 | D:5      | Reached skill level 5 in Conjurations
  7067 | D:5      | Reached XP level 7. HP: 30/36 MP: 8/16
  7497 | D:5      | Found a stormy altar of Qazlal.
  7498 | D:5      | Found an ornate altar of the Wu Jian Council.
  7774 | D:5      | Noticed Blork the orc
  8332 | D:5      | Killed Blork the orc
  8333 | D:5      | Reached XP level 8. HP: 20/41 MP: 12/19
  9150 | D:5      | Found an iron altar of Okawaru.
  9267 | D:6      | Noticed Pikel
  9792 | D:6      | Killed Pikel
 11175 | D:6      | Learned a level 3 spell: Hailstorm
 12295 | D:6      | Noticed Maggie
 12320 | D:6      | Killed Maggie
 12321 | D:6      | Reached XP level 9. HP: 27/45 MP: 1/22
 13464 | D:6      | Found a glowing silver altar of Zin.
 13465 | D:6      | Noticed an angel
 13576 | D:7      | Found Enesimem's Elemental Accessories.
 13610 | D:7      | Bought the Volume of the Valley for 280 gold pieces
 13622 | D:7      | Learned a level 3 spell: Stone Arrow
 13984 | D:7      | Slain by a black bear

Illustrated notes

Levels and vault maps discovered:
D:1:      eino_arrival_cavern_a, layout_basic, chequers_ecumenical_altar_island
D:2:      wad_woods_tower, layout_loops_ring, serial_shops, shop
D:3:      layout_rooms
D:4:      layout_rooms, minmay_temple_entry_overgrown, minmay_statues_item
D:5:      layout_rooms, gammafunk_temple_overflow_forgotten,
          gup_sewer_entry_pipe, uniq_sigmund, uniq_blork_the_orc
D:6:      layout_loops_ring, zin_angel, uniq_pikel, uniq_maggie
D:7:      layout_rooms, nicolae_elemental_shop
Temple:   regret_index_temple_chain_breaker

Skill      XL: |  1  2  3  4  5  6  7  8 |
---------------+-------------------------+-----
Conjurations   | 2 3 4 5 6 8 |  8.7
Air Magic      | 4 5 6 8 |  8.6
Spellcasting   | 4 5 6 7 |  7.8
Dodging        | |  2.4
Stealth        | |  2.4

Action                     |  1- 3 |  4- 6 |  7- 9 || total
---------------------------+-------+-------+-------++-------
  Melee: Staff             |       |       |     5 ||     5
   Cast: Shock             |    99 |    97 |    86 ||   282
         Airstrike         |       |     4 |    24 ||    28
         Swiftness         |       |       |     3 ||     3
         Static Discharge  |       |       |     5 ||     5
         Hailstorm         |       |       |     2 ||     2
    Use: Potion            |     1 |     2 |     2 ||     5
         Scroll            |       |     3 |     1 ||     4
 Armour: Robe              |     1 |       |     2 ||     3
  Dodge: Dodged            |    21 |     5 |    24 ||    50
